 Dungeon Crawl Stone Soup version 0.29.1-1-gd02db6906a (webtiles) character file.

Game seed: 13626084409852907798

316 plokij the Slasher (level 6, 53/53 HPs)
             Began as a Minotaur Fighter on Oct 20, 2022.
             Quit the game on level 4 of the Dungeon.
             The game lasted 00:09:10 (3606 turns).

plokij the Slasher (Minotaur Fighter)               Turns: 3606, Time: 00:09:11

Health: 53/53      AC: 12    Str: 21    XL:     6   Next: 20%
Magic:  5/5        EV: 19    Int:  5    God:
Gold:   201        SH:  0    Dex: 11    Spells: 5/5 levels left

rFire   . . .      SeeInvis .   (weapon currently unavailable)
rCold   . . .      Faith    .   (shield currently unavailable)
rNeg    + + +      Spirit   .   (body armour currently unavailable)
rPois   +          Reflect  .   (helmet currently unavailable)
rElec   .          Harm     .   (cloak currently unavailable)
rCorr   .          Rampage  .   (gloves currently unavailable)
Will    .....                   (boots currently unavailable)
Stlth   +.........              (no amulet)
HPRegen 0.17/turn               (no ring)
MPRegen 0.09/turn               (no ring)

@: mighty, fungus-form
A: melee confuse, terrified, no casting, tiny, (horns 2), (retaliatory headbutt)
a: no special abilities


You were on level 4 of the Dungeon.
You were a sentient fungus.
You visited 1 branch of the dungeon, and saw 4 of its levels.

You collected 201 gold pieces.

Inventory:

Hand Weapons
 a - a +0 long sword (melded)
Armour
 b - a +0 scale mail (melded)
 c - a +0 buckler (melded)
 f - a +0 cloak (melded)
Scrolls
 e - 3 scrolls of poison {unknown}
 g - 4 scrolls of identify {unknown}
 h - 2 scrolls of teleportation {unknown}
 i - 2 scrolls of blinking {unknown}
 j - a scroll of vulnerability {unknown}
 q - a scroll of noise {unknown}
Potions
 d - a potion of might
 k - 5 potions of curing {unknown}
 l - 2 potions of ambrosia {unknown}
 m - a potion of brilliance {unknown}
 n - a potion of attraction {unknown}
 o - a potion of flight {unknown}
 p - a potion of berserk rage {unknown}


   Skills:
 + Level 4.6 Fighting
 + Level 4.7 Long Blades
 + Level 4.7 Armour
 * Level 2.9 Dodging
 + Level 4.7 Shields


You had 5 spell levels left.
You didn't know any spells.
Your spell library contained the following spells:

 Spells                   Type           Power      Damage    Failure   Level
 Magic Dart               Conj           0%         1d3       47%         1
 Searing Ray              Conj           0%         2d4       63%         2
 Fulminant Prism          Conj/Hex       0%         3d6       99%         4


Dungeon Overview and Level Annotations

Branches:
Dungeon (4/15)
 Temple: D:4-7

Altars:
Sif Muna
The Shining One

Shops:
D:3 *

Annotations:
D:4 Edmund


Innate Abilities, Weirdness & Mutations

You are a sentient fungus.
You are tiny and evasive.
Your melee attack releases spores that confuse breathing creatures.
You become terrified and freeze when enemies are visible.
Your armour is entirely melded.
You are incapable of wielding weapons or throwing items.
You cannot cast spells.
((You have a pair of horns on your head.))
((You reflexively headbutt those who attack you in melee.))


Message History

You're too terrified to move while being watched!
You're too terrified to move while being watched!
You're too terrified to move while being watched!
You're too terrified to move while being watched!
You're too terrified to move while being watched!
You're too terrified to move while being watched!
You're too terrified to move while being watched!
You're too terrified to move while being watched!
You're too terrified to move while being watched!
You're too terrified to move while being watched!
You're too terrified to move while being watched!
You're too terrified to move while being watched!
You're too terrified to move while being watched!
You're too terrified to move while being watched!
You're too terrified to move while being watched!
You're too terrified to move while being watched!
You're too terrified to move while being watched!
You're too terrified to move while being watched!
You're too terrified to move while being watched!
You're too terrified to move while being watched!
You're too terrified to move while being watched!
You're too terrified to move while being watched!
You're too terrified to move while being watched!
You're too terrified to move while being watched!
You're too terrified to move while being watched!
You're too terrified to move while being watched!
You're too terrified to move while being watched!
You're too terrified to move while being watched!
You're too terrified to move while being watched!
You're too terrified to move while being watched!
You're too terrified to move while being watched!
You're too terrified to move while being watched!
You're too terrified to move while being watched!
You're too terrified to move while being watched!
You're too terrified to move while being watched!
You're too terrified to move while being watched!
You're too terrified to move while being watched!
You're too terrified to move while being watched!
You feel very mighty all of a sudden.
Are you sure you want to abandon this character and quit the game? (Confirm with "yes".)

+................... #
#...........<...... #.
#..................
##..
#..##..##..##...###
#...##..##..##.†#######
#........(..#..........
#...........#..........
#.....<.....+>.........
#.......f...#..<.......
#...##..##..###########
#.. #..##..#
#........#....
#........#.....
#........# .....
#..@.....# . #...###+##
#...


You could see Edmund.

Vanquished Creatures
  A phantom (D:3)
  An orc priest (D:3)
  Terence (D:3)
  7 gnolls
  4 adders
  An ufetubus (D:2)
  2 worms (D:2)
  4 orcs (D:3)
  3 endoplasms
  5 giant cockroaches
  8 goblins
  4 hobgoblins
  3 jackals (D:2)
  9 kobolds
  3 quokkas
  5 ball pythons
  5 bats (D:1)
  6 frilled lizards
  4 rats
76 creatures vanquished.

Notes
Turn   | Place    | Note
-------+----------+-------------------------------------------
     0 | D:1      | plokij the Minotaur Fighter began the quest for the Orb.
     0 | D:1      | Reached XP level 1. HP: 19/19 MP: 0/0
    58 | D:1      | Reached XP level 2. HP: 12/27 MP: 1/1
   388 | D:1      | Reached skill level 1 in Dodging
   424 | D:1      | Reached XP level 3. HP: 17/33 MP: 2/2
   596 | D:1      | Found a faded altar of an unknown god.
  1011 | D:2      | Reached XP level 4. HP: 25/40 MP: 3/3
  1741 | D:2      | Reached XP level 5. HP: 28/46 MP: 4/4
  1907 | D:2      | Identified the +9 spear of Mukhihiu {pain, rElec}
  2079 | D:3      | Found a glowing golden altar of the Shining One.
  2557 | D:3      | Noticed a phantom
  2574 | D:3      | Killed a phantom
  2575 | D:3      | Reached XP level 6. HP: 41/53 MP: 5/5
  3060 | D:3      | Found a shimmering blue altar of Sif Muna.
  3150 | D:3      | Found Ocoarphul's General Store.
  3153 | D:3      | Noticed Terence
  3174 | D:3      | Killed Terence
  3602 | D:4      | Noticed Edmund
  3606 | D:4      | Quit the game

Illustrated notes

Levels and vault maps discovered:
D:1:      wander_arrival_lonely_grave, layout_rooms,
          shapermc_ecumenical_altar_mp_highgroup, chequers_serial_rivers_room_b
D:2:      layout_rooms
D:3:      layout_loops_ring, nicolae_tso_carved_into_rock,
          lemuel_blue_sif_altar, serial_shops, nicolae_shop_statue_plus,
          kennysheep_nondescript, chequers_serial_rivers_small_a, uniq_terence
D:4:      layout_gridville, amcnicky_altar_gilded,
          eat_drink_and_be_merry_uskayaw, uniq_edmund, uniq_eustachio, uniq_ijyb

Skill      XL: |  1  2  3  4 |
---------------+-------------+-----
Long Blades    | 3 4 |  4.7
Dodging        | 1 2 |  2.9
Fighting       | 4 |  4.6
Armour         | 4 |  4.7
Shields        | 4 |  4.7

Action                   |  1- 3 |  4- 6 || total
-------------------------+-------+-------++-------
Melee: Long sword        |    98 |   103 ||   201
       Headbutt          |    12 |    17 ||    29
  Use: Potion            |       |     1 ||     1
Armor: Scale mail        |    69 |    34 ||   103
Dodge: Dodged            |    77 |    52 ||   129
Block: Buckler           |    28 |    33 ||    61
